 Dungeon Crawl Stone Soup version 0.24-a0-10-gb84795d (console) character file.

Game seed: 2872730220188847448

665 Duffy the Insei (level 7, 3/52 HPs)
             Began as a Pale Draconian Transmuter on Jan 31, 2019.
             Quit the game on level 5 of the Dungeon.
             The game lasted 00:05:16 (5097 turns).

Duffy the Insei (Pale Draconian Transmuter)         Turns: 5097, Time: 00:05:17

Health: 3/52       AC:  7    Str: 12    XL:     7   Next: 31%
Magic:  19/19      EV: 12    Int: 15    God:
Gold:   166        SH:  0    Dex: 12    Spells: 4/10 levels left

rFire    . . .     SeeInvis .     - Unarmed
rCold    . . .     Gourm    .   (no shield)
rNeg     . . .     Faith    .   (armour unavailable)
rPois    .         Spirit   .   (helmet restricted)
rElec    .         Reflect  .   (no cloak)
rCorr    .         Harm     .   (no gloves)
MR       .....     Rnd*Tele +   r - +0 pair of boots
Stlth    +.........             (no amulet)
HPRegen  0.17/turn              g - ring of teleportation (curse)
MPRegen  0.16/turn              q - ring of magical power

@: no status effects
A: breathe steam, unfitting armour, cold-blooded, AC +6
a: Breathe Steam


You were on level 5 of the Dungeon.
You were near starving.

You visited 2 branches of the dungeon, and saw 6 of its levels.

You collected 166 gold pieces.

Inventory:

Missiles
 a - 66 arrows
Armour
 r - a +0 pair of boots (worn)
Jewellery
 g - a cursed ring of teleportation (left hand)
 q - a ring of magical power (right hand)
Scrolls
 b - a scroll of blinking
 d - a scroll of fear
 k - a scroll of fog
 l - a scroll of noise
 n - a scroll of enchant weapon
Potions
 e - a potion of lignification {unknown}
 f - 2 potions of heal wounds
 h - a potion of mutation {unknown}
 i - a potion of degeneration {unknown}
 j - a potion of brilliance {unknown}
 m - 2 potions of haste {unknown}
 o - a potion of might {unknown}
 p - a potion of cancellation {unknown}
Comestibles
 c - 8 rations


   Skills:
 - Level 1.1 Fighting
 - Level 1.7 Dodging
 + Level 7.4 Unarmed Combat
 - Level 2.0 Spellcasting
 - Level 3.2 Transmutations
 - Level 3.0 Poison Magic


You had 4 spell levels left.
You knew the following spells:

 Your Spells              Type           Power        Failure   Level  Hunger
a - Beastly Appendage     Tmut           ##....       6%          1    #......
h - Spider Form           Tmut/Pois      ##........   19%         3    ###....
j - Sticks to Snakes      Tmut           ##......     9%          2    ###....

Your spell library contained the following spells:

 Spells                   Type           Power        Failure   Level  Hunger
 Ice Form                 Ice/Tmut       #.......     75%         4    #####..
 Blade Hands              Tmut           ##........   85%         5    ######.


Dungeon Overview and Level Annotations

Branches:
Dungeon (5/15)             Temple (1/1) D:5

Altars:
Ashenzari
Cheibriados
Elyvilon
Gozag
Makhleb
Ru
Uskayaw
Vehumet
Xom
Zin
The Shining One
Lugonu


Innate Abilities, Weirdness & Mutations

You can breathe blasts of scalding, opaque steam.
Your pale cyan-grey scales are hard. (AC +6)
You cannot fit into any form of body armour.
You are cold-blooded and may be slowed by cold attacks.


Message History

The jackal bites you.
The jackal bites you but does no damage.
The jackal closely misses you.
You hit the jackal.
You kill the jackal!
The jackal barely misses you. The jackal barely misses you.
You closely miss the jackal.
Your tail-slap misses the jackal.
The jackal misses you.
The jackal bites you but does no damage.
You closely miss the jackal. The jackal bites you.
You closely miss the jackal.
The jackal bites you but does no damage.
You punch the jackal!
You kill the jackal!
Things that are here:
a +0 giant club; an ogre corpse You are near starving!
You see here 26 stones.
Are you sure you want to abandon this character and quit the game? (Confirm with "yes".)

#..##.##...# #.. ##..#.......# #..
#..#...>..#..# #.. .........###.#
#.. #..####..###..h #..
#.######..##..#+#################..
#..##...#..##....!.................
#<...........#....(......<.........
#.##.#..####.....@#.)...........###
#....#............#.###########.#
######..#########.#.# #.# ...#
..#.# #.# ##.# .#### #.# .>. #. #.#
## #. #.# #.


There were no monsters in sight!

Vanquished Creatures
  A phantom (D:4)
  An ogre (D:5)
  2 scorpions (D:4)
  A crimson imp (D:3)
  A bullfrog zombie (D:3)
  A hound (D:4)
  A bullfrog skeleton (D:5)
  Ijyb (D:2)
  2 worker ants
  A hound zombie (D:5)
  A hound skeleton (D:4)
  A howler monkey skeleton (D:4)
  6 adders
  A shadow imp (D:5)
  2 worms (D:3)
  2 dart slugs (D:1)
  5 leopard geckos
  5 orcs (D:3)
  2 ball pythons (D:3)
  9 giant cockroaches
  3 goblins (D:1)
  6 hobgoblins
  2 jackals (D:5)
  7 kobolds
  A quokka (D:4)
  6 bats
  2 frilled lizards (D:2)
  A leopard gecko skeleton (D:4)
  A quokka skeleton (D:4)
  15 rats
90 creatures vanquished.

Notes
Turn   | Place    | Note
-------+----------+-------------------------------------------
     0 | D:1      | Duffy the Draconian Transmuter began the quest for the Orb.
     0 | D:1      | Reached XP level 1. HP: 16/16 MP: 3/3
    83 | D:1      | Reached XP level 2. HP: 15/23 MP: 5/5
   620 | D:1      | Reached skill level 4 in Unarmed Combat
   880 | D:1      | Found a shattered altar of Ashenzari.
  1208 | D:1      | Reached XP level 3. HP: 27/28 MP: 6/6
  2153 | D:3      | Noticed Ijyb
  2159 | D:3      | Paralysed by Ijyb for 7 turns
  2178 | D:3      | Paralysed by Ijyb for 7 turns
  2200 | D:2      | Paralysed by Ijyb for 5 turns
  2215 | D:2      | Paralysed by Ijyb for 2 turns
  2230 | D:2      | Paralysed by Ijyb for 2 turns
  2240 | D:2      | Killed Ijyb
  2240 | D:2      | Reached skill level 5 in Unarmed Combat
  2240 | D:2      | Reached XP level 4. HP: 15/35 MP: 7/7
  2704 | D:3      | Learned a level 2 spell: Sticks to Snakes
  2708 | D:3      | Learned a level 3 spell: Spider Form
  3073 | D:3      | Reached skill level 1 in Poison Magic
  3073 | D:3      | Reached XP level 5. HP: 31/40 MP: 8/8
  3341 | D:3      | Found a shimmering altar of Xom.
  3341 | D:3      | Found a burning altar of Makhleb.
  4102 | D:4      | Found a sacrificial altar of Ru.
  4102 | D:4      | Noticed a phantom
  4109 | D:4      | Found an opulent altar of Gozag.
  4136 | D:4      | Killed a phantom
  4136 | D:4      | Reached skill level 6 in Unarmed Combat
  4136 | D:4      | Reached XP level 6. HP: 32/47 MP: 9/9
  4147 | D:4      | Found a hide-covered altar of Uskayaw.
  4886 | D:5      | Entered Level 5 of the Dungeon
  4896 | D:5      | Found a staircase to the Ecumenical Temple.
  4901 | Temple   | Entered the Ecumenical Temple
  4990 | D:5      | Your scales start taking on a pale cyan-grey colour.
  4990 | D:5      | Reached XP level 7. HP: 41/52 MP: 10/10
  5067 | D:5      | Reached skill level 7 in Unarmed Combat
  5080 | D:5      | HP: 2/52 [jackal (2)]
  5097 | D:5      | Quit the game

Vault maps used:
D:1:      dpeg_arrival_radiant, chequers_serial_rivers_micro_a,
          serial_bayou_pond_e, evilmike_ruin_ashenzari
D:2:      minmay_rat_gold_closets
D:3:      grunt_temple_overflow_champion_of_chaos, uniq_ijyb
D:4:      nicolae_overflow_hidden_temple, uniq_robin
D:5:      nicolae_overflow_crystal_walls, kennysheep_mini_moat,
          minmay_temple_entry_wispy, first_ration, serial_shops, shop,
          nicolae_shop_statue_plus, shop, enter_ossuary_3, minivault_4,
          trog_three_pillars_becter, uniq_menkaure, uniq_pikel, uniq_edmund
Temple:   corrupted_temple

Skill      XL: |  1  2  3  4  5  6  7 |
---------------+----------------------+-----
Unarmed Combat | 4 5 6 7 |  7.4
Poison Magic   | 1 2 3 |  3.0
Transmutations | 3 |  3.2
Fighting       | |  1.1
Dodging        | |  1.7
Spellcasting   | |  2.0

Action                   |  1- 3 |  4- 6 |  7- 9 || total
-------------------------+-------+-------+-------++-------
Melee: Unarmed           |   189 |   189 |    39 ||   417
       Tailslap          |    14 |    24 |     3 ||    41
       Punch             |     1 |     2 |       ||     3
  Use: Scroll            |     5 |     1 |       ||     6
 Stab: Sleeping          |     3 |     1 |       ||     4
       Distracted        |       |     1 |       ||     1
  Eat: Chunk             |     4 |     8 |       ||    12
Armor: Skin              |    67 |    44 |    20 ||   131
Dodge: Dodged            |   121 |    86 |    34 ||   241

Table legend:
 A = Non-vault XP
 B = Vault XP
 C = Vault XP percentage of total XP
 D = Non-vault monster count
 E = Vault monster count
 F = Vault count percentage of total count
                 A         B        C        D         E       F
            +---------+---------+-------+---------+---------+-------
      Total |     855 |      95 |  10.0 |      79 |      11 |  12.2
            +---------+---------+-------+---------+---------+-------
        D:1 |      42 |       0 |   0.0 |      22 |       0 |   0.0
        D:2 |      17 |      45 |  72.6 |      10 |      10 |  50.0
        D:3 |     163 |      50 |  23.5 |      27 |       1 |   3.6
        D:4 |     400 |       0 |   0.0 |      13 |       0 |   0.0
        D:5 |     233 |       0 |   0.0 |       7 |       0 |   0.0
            +---------+---------+-------+---------+---------+-------
